 Dungeon Crawl Stone Soup version 0.27-a0-1202-ge72e49191c (webtiles) character file.

Game seed: 5249682995020731647

2695 Delamore the Spear-Bearer (level 9, 0/68 HPs)
             Began as a Formicid Fighter on June 2, 2021.
             Was a Believer of Okawaru.
             Hit by a large rock thrown by a cyclops (42 damage)
             ... on level 6 of the Dungeon.
             The game lasted 00:14:13 (7842 turns).

Delamore the Spear-Bearer (Formicid Fighter)        Turns: 7842, Time: 00:14:14

Health: 0/68       AC: 20    Str: 24    XL:     9   Next: 96%
Magic:  9/9        EV:  7    Int:  8    God:    Okawaru [**....]
Gold:   64         SH: 17    Dex: 14    Spells: 8/8 levels left

rFire    . . .     SeeInvis +   b - +2 trident
rCold    . . .     Faith    .   c - +1 kite shield
rNeg     . . .     Spirit   .   z - +1 chain mail of Untold Secrets {+Inv Dex+4}
rPois    .         Reflect  +   (helmet unavailable)
rElec    .         Harm     .   f - +0 cloak
rCorr    .         Rampage  .   v - +2 pair of gloves
Will     .....                  n - +0 pair of boots
Stlth    ..........             k - amulet of reflection
HPRegen  0.21/turn              w - +4 ring of protection
MPRegen  0.11/turn              (no ring)

@: no status effects
A: permanent stasis, dig shafts and tunnels, antennae 3, four strong arms
a: Dig, Shaft Self, Renounce Religion, Evoke Invisibility, Heroism


You were on level 6 of the Dungeon.
You worshipped Okawaru.
Okawaru was pleased with you.
You visited 1 branch of the dungeon, and saw 6 of its levels.

You collected 444 gold pieces.
You spent 380 gold pieces at shops.

Inventory:

Hand Weapons
 a - a +0 trident
 b - a +2 trident (weapon)
Missiles
 d - 4 boomerangs
 y - 7 atropa-tipped darts
 A - 6 poisoned darts (quivered)
Armour
 c - a +1 kite shield (worn)
 f - a +0 cloak (worn)
 n - a +0 pair of boots (worn)
 p - a +0 tower shield
 v - a +2 pair of gloves (worn)
 z - the +1 chain mail of Untold Secrets (worn) {+Inv Dex+4}
   (You found it on level 6 of the Dungeon)

   It affects your dexterity (+4).
   It lets you turn invisible.
Jewellery
 k - an amulet of reflection (around neck)
 m - an amulet of guardian spirit
 w - a +4 ring of protection (left hand)
Wands
 l - a wand of digging (8)
 q - a wand of flame (12)
 t - a wand of iceblast (2)
 x - a wand of paralysis (5)
Scrolls
 h - a scroll of enchant armour
 j - a scroll of identify
 o - 3 scrolls of vulnerability
 r - a scroll of magic mapping
Potions
 e - a potion of curing
 g - 3 potions of heal wounds
 i - 2 potions of invisibility
 s - a potion of degeneration {unknown}
 u - a potion of might


   Skills:
 - Level 5.0 Fighting
 + Level 10.9 Polearms
 - Level 5.0 Armour
 - Level 7.0 Shields


You had 8 spell levels left.
You didn't know any spells.
Your spell library contained the following spells:

 Spells                   Type           Power      Damage    Failure   Level
 Animate Skeleton         Necr           0%         N/A       99%         1
 Pain                     Necr           0%         1d4       99%         1
 Summon Small Mammal      Summ           0%         N/A       99%         1
 Call Imp                 Summ           0%         N/A       100%        2
 Call Canine Familiar     Summ           0%         N/A       100%        3
 Summon Guardian Golem    Hex/Summ       0%         N/A       100%        3
 Vampiric Draining        Necr           0%         2d6       100%        3
 Animate Dead             Necr           0%         N/A       100%        4
 Summon Ice Beast         Ice/Summ       0%         N/A       100%        4
 Summon Lightning Spire   Summ/Air       0%         N/A       100%        4
 Agony                    Necr           0%         N/A       100%        5
 Haunt                    Necr/Summ      0%         N/A       100%        7
 Malign Gateway           Summ/Tloc      0%         N/A       100%        7
 Monstrous Menagerie      Summ           0%         N/A       100%        7
 Summon Horrible Things   Summ           0%         N/A       100%        8


Dungeon Overview and Level Annotations

Branches:
Dungeon (6/15)             Temple (0/1) D:6

Altars:
Ashenzari
Cheibriados
Okawaru
Trog
Vehumet
Xom

Shops:
D:5 [****

Annotations:
D:3 exclusion: statue
D:5 2 transporters, Welwordion's ghost, weakling OpDe
D:6 Grinder


Innate Abilities, Weirdness & Mutations

You cannot be hasted, slowed, berserked, paralysed or teleported.
You can dig through walls and to a lower floor.
You have a pair of large antennae on your head. (SInv)
Your four strong arms can wield two-handed weapons with a shield.


Message History

A - 3 poisoned darts (gained 1)
There is a large open door here.
A - 5 poisoned darts (gained 2)
A - 6 poisoned darts (gained 1)
You start putting on your armour.
You continue putting on your +0 pair of boots. x4
You finish putting on your +0 pair of boots.
A cyclops is nearby!
Aiming: Paralyse
Press: ? - help, Shift-Dir - straight line, f - cyclops
Aim: a cyclops, quivering large rocks (wandering, hasn't noticed you, chance to affect: 28%)
The cyclops shouts!
The cyclops easily resists.
Aiming: Paralyse
Press: ? - help, Shift-Dir - straight line, f/p - cyclops
Aim: a cyclops, quivering large rocks (chance to affect: 28%)
The cyclops easily resists.
The cyclops throws a large rock.
The large rock hits you!!
Aiming: Paralyse
Press: ? - help, Shift-Dir - straight line, f/p - cyclops
Aim: a cyclops, quivering large rocks (chance to affect: 28%)
The cyclops easily resists.
Aiming: Paralyse
Press: ? - help, Shift-Dir - straight line, f/p - cyclops
Aim: a cyclops, quivering large rocks (chance to affect: 28%)
The cyclops easily resists.
Aiming: Paralyse
Press: ? - help, Shift-Dir - straight line, f/p - cyclops
Aim: a cyclops, quivering large rocks (chance to affect: 28%)
The cyclops easily resists.
Aiming: Paralyse
Press: ? - help, Shift-Dir - straight line, f/p - cyclops
Aim: a cyclops, quivering large rocks (chance to affect: 28%)
The cyclops easily resists.
The cyclops throws a large rock.
You reflect the large rock off an invisible shield around you!
The large rock hits the cyclops!!
The cyclops throws a large rock.
The large rock hits you!!!
Ouch! That really hurt!
You die...

#(........[..#.# ##..........##
####.........#.# ##)...........#
..##.........#.# ##..............
.............#.###...............
...........^.#.##................
.......###...#.##................
.......# #...#.##.......#(.#.....
.......# #...#..'........##......
).########......@........##......
<..............(#.......#..#.....
[####.....#...(.#................
..........#..(..#....C...........
..........#.....##...............
.......##.#<.....##..............
.......# #.#....###............#
.......# #........##..........##
...##... .........###........


You could see a cyclops.

Vanquished Creatures
  Pikel (D:3)
  Prince Ribbit (D:5)
  Sigmund (D:5)
  Eustachio (D:4)
  Duvessa (D:6)
  An orc warrior (D:5)
  2 black bears (D:5)
  A sky beast (D:6)
  A centaur (D:6)
  An ogre (D:5)
  2 lemures (D:3)
  A bullfrog (D:3)
  Dowan (D:6)
  A scorpion (D:6)
  4 wights (D:6)
  5 hounds
  2 orc priests
  Crazy Yiuf (D:2)
  Jessica (D:2)
  A gnoll shaman (D:5)
  2 iguanas
  4 orc wizards
  A killer bee zombie (D:6)
  A hound skeleton (D:4)
  11 adders
  9 gnolls
  A white imp (D:6)
  An ufetubus (D:4)
  An adder skeleton (D:4)
  2 worms (D:2)
  The ghost of katzbalger the Sneak, a weakling HuDe (D:4)
  3 dart slugs
  10 orcs
  10 endoplasms
  A giant cockroach (D:3)
  6 goblins
  11 hobgoblins
  9 jackals
  5 kobolds
  8 quokkas
  6 ball pythons
  4 bats
  4 frilled lizards
  4 rats
145 creatures vanquished.

Notes
Turn   | Place    | Note
-------+----------+-------------------------------------------
     0 | D:1      | Delamore the Formicid Fighter began the quest for the Orb.
     0 | D:1      | Reached XP level 1. HP: 18/18 MP: 1/1
   303 | D:1      | Reached XP level 2. HP: 24/24 MP: 2/2
   335 | D:1      | Reached XP level 3. HP: 12/30 MP: 3/3
   592 | D:1      | Found a faded altar of an unknown god.
  1091 | D:2      | Reached skill level 3 in Polearms
  1140 | D:2      | Noticed Jessica
  1145 | D:2      | Killed Jessica
  1146 | D:2      | Reached XP level 4. HP: 38/38 MP: 4/4
  1560 | D:2      | Reached XP level 5. HP: 32/43 MP: 5/5
  1987 | D:2      | Found a runed translucent door.
  1988 | D:2      | Noticed Crazy Yiuf
  2306 | D:2      | Killed Crazy Yiuf
  2307 | D:2      | Reached skill level 5 in Fighting
  2307 | D:2      | Reached skill level 4 in Polearms
  2454 | D:3      | Found a radiant altar of Vehumet.
  2456 | D:3      | Noticed a charred statue
  2817 | D:3      | Noticed a bullfrog
  2836 | D:3      | Killed a bullfrog
  2837 | D:3      | Reached XP level 6. HP: 14/51 MP: 6/6
  3061 | D:3      | Found a shimmering altar of Xom.
  3065 | D:3      | Found a snail-covered altar of Cheibriados.
  3333 | D:3      | Found a bloodstained altar of Trog.
  3848 | D:4      | Identified the +3 hand axe "Niasm" {vorpal, +Blink}
  4123 | D:4      | Found a runed translucent gate.
  4124 | D:4      | Found a runed translucent gate.
  4124 | D:4      | Found a runed translucent gate.
  4128 | D:4      | Noticed katzbalger's ghost (weakling HuDe)
  4149 | D:4      | Noticed Pikel
  4420 | D:3      | Killed Pikel
  4421 | D:3      | Reached skill level 5 in Polearms
  4421 | D:3      | Reached skill level 5 in Armour
  4421 | D:3      | Reached XP level 7. HP: 27/56 MP: 7/7
  4421 | D:3      | Reached XP level 8. HP: 30/62 MP: 8/8
  4646 | D:4      | Found an iron altar of Okawaru.
  4660 | D:4      | Became a worshipper of Warmaster Okawaru
  4725 | D:4      | Noticed Eustachio
  4852 | D:5      | Entered Level 5 of the Dungeon
  4983 | D:4      | Killed Eustachio
  4984 | D:4      | Reached skill level 6 in Polearms
  5469 | D:4      | Killed katzbalger's ghost
  5712 | D:5      | Noticed Sigmund
  5713 | D:5      | Found a transporter.
  5713 | D:5      | Noticed Welwordion's ghost (weakling OpDe)
  5735 | D:5      | Killed Sigmund
  5736 | D:5      | Reached skill level 7 in Polearms
  5814 | D:5      | Reached * piety under Okawaru
  6076 | D:5      | Found Oleegroto's Assorted Antiques.
  6178 | D:5      | Bought a scroll labelled YSI GYWIDUMO for 22 gold pieces
  6178 | D:5      | Bought a runed ivory wand for 88 gold pieces
  6201 | D:5      | Found Cookaam's General Store.
  6226 | D:5      | Found Ramir's General Store.
  6233 | D:5      | Bought a potion of heal wounds for 75 gold pieces
  6342 | D:5      | Found Yjitiun's General Store.
  6356 | D:5      | Noticed Prince Ribbit
  6386 | D:5      | Killed Prince Ribbit
  6387 | D:5      | Reached skill level 8 in Polearms
  6387 | D:5      | Reached XP level 9. HP: 46/68 MP: 9/9
  6587 | D:5      | Found Naymin's Antique Armour Emporium.
  6645 | D:5      | Bought a pair of glowing gloves for 195 gold pieces
  6839 | D:5      | Found a transporter.
  6902 | D:6      | Noticed Duvessa
  6924 | D:5      | Reached skill level 9 in Polearms
  7035 | D:6      | Killed Duvessa
  7037 | D:6      | Noticed Dowan
  7089 | D:6      | Killed Dowan
  7160 | D:6      | Reached ** piety under Okawaru
  7168 | D:6      | Identified the +1 chain mail of Untold Secrets {+Inv Dex+4}
  7233 | D:6      | Reached skill level 10 in Polearms
  7291 | D:6      | Found a broken altar of Ashenzari.
  7548 | D:6      | Noticed a cyclops
  7657 | D:6      | Found a staircase to the Ecumenical Temple.
  7734 | D:6      | Noticed Grinder
  7842 | D:6      | Hit by a large rock thrown by a cyclops

Illustrated notes

Levels and vault maps discovered:
D:1:      sevenhm_arrival_forest_fort_large_4, layout_rooms,
          ebering_ecumenical_altar_sacrificial, minmay_misc_feat_ornament
D:2:      kennysheep_six_static_rooms, layout_loops_ring,
          minmay_tree_intersection, uniq_crazy_yiuf_cottage, uniq_jessica
D:3:      minmay_diamond_boxcup, layout_loops_corners, lightli_temple_of_fire,
          vehumet_statue, grunt_temple_overflow_open
D:4:      layout_basic, amcnicky_altar_gilded, gammafunk_ghost_split,
          uniq_eustachio, uniq_pikel
D:5:      layout_gridville, gammafunk_ghost_mausoleum, serial_shops,
          nicolae_shop_trees, shop, nicolae_shop_temple_entry_statues_fountains,
          shop, nicolae_shop_statue_plus, uniq_prince_ribbit1, uniq_sigmund
D:6:      kennysheep_big_flooded_room, layout_basic, kennysheep_mini,
          minmay_temple_entry_fiery, interstate_on_off, uniq_duvessa,
          uniq_grinder

Skill      XL: |  1  2  3  4  5  6  7  8  9 |
---------------+----------------------------+-----
Fighting       | 4 5 |  5.0
Polearms       | 3 4 5 8 10 | 10.9
Shields        | 4 6 7 |  7.0
Armour         | 5 |  5.0

Action                   |  1- 3 |  4- 6 |  7- 9 || total
-------------------------+-------+-------+-------++-------
Melee: Trident           |    86 |   256 |   364 ||   706
Throw: Dart              |       |       |    58 ||    58
       Boomerang         |       |       |     4 ||     4
 Abil: Dig               |       |     3 |     2 ||     5
Evoke: Wand              |       |       |     6 ||     6
  Use: Scroll            |       |     9 |     2 ||    11
       Potion            |       |     3 |       ||     3
Armor: Scale mail        |    40 |     3 |       ||    43
       Chain mail        |       |   102 |   158 ||   260
Dodge: Dodged            |    34 |    62 |    89 ||   185
Block: Kite shield       |    38 |   182 |   381 ||   601
       Reflection        |       |     1 |     5 ||     6

Table legend: (Time is in decaauts)
 A = Elapsed time spent in this place.
 B = Non-inter-level travel time spent in this place.
 C = Inter-level travel time spent in this place.
 D = Time resting spent in this place.
 E = Time spent auto-exploring this place.
 F = Levels seen in this place.
 G = Mean time per level.
                   A        B        C        D        E       F      G
               +--------+--------+--------+--------+--------+-----+--------+
         Total |   7941 |   7745 |    196 |   2059 |   4097 |   6 | 1323.5 |
       Dungeon |   7941 |   7745 |    196 |   2059 |   4097 |   6 | 1323.5 |
               +--------+--------+--------+--------+--------+-----+--------+

Top non-repeatable levels by time:
     D:3: 1878 daAuts
     D:4: 1479 daAuts
     D:5: 1408 daAuts
     D:2: 1381 daAuts
     D:1: 1109 daAuts
     D:6: 684 daAuts
